 Dungeon Crawl Stone Soup version 0.30.1-3-gfc49f6343a (webtiles) character file.

Game seed: 14329513907767267719

606 croobank the Artisan of Death (level 7, -2/41 (46) HPs)
             Began as an Octopode Monk on July 19, 2023.
             Was a Priest of Kikubaaqudgha.
             Slain by a wyvern (18 damage)
             ... on level 5 of the Dungeon.
             The game lasted 00:09:22 (3835 turns).

croobank the Artisan of Death (Octopode Monk)       Turns: 3835, Time: 00:09:22

HP:   -2/41 (46)    AC:  1    Str: 10    XL:     7   Next: 42%
MP:   11/13         EV: 14    Int: 14    God:    Kikubaaqudgha [***...]
Gold: 249           SH:  0    Dex: 15    Spells: 12/14 levels left

rFire   . . .        g - +2 dagger (speed)
rCold   . . .        (no shield)
rNeg    . . .        (helmet restricted)
rPois   .            k - amulet of faith
rElec   .            (no ring)
rCorr   .            (no ring)
SInv    .            (no ring)
Will    .....        (no ring)
Stlth   ++           (no ring)
HPRegen 0.26/turn    (no ring)
MPRegen 0.13/turn    (no ring)
                     (no ring)

%: faith
@: heavily drained
A: almost no armour, amphibious, 8 rings, camouflage 1, gelatinous body 1,
(nimble swimmer 1), tentacles
a: Renounce Religion, Unearth Wretches


You were on level 5 of the Dungeon.
You worshipped Kikubaaqudgha.
Kikubaaqudgha was most pleased with you.
You visited 1 branch of the dungeon, and saw 6 of its levels.

You collected 271 gold pieces.
You spent 22 gold pieces at shops.

Inventory:

Hand Weapons
 g - a +2 dagger of speed (weapon)
Missiles
 m - 3 poisoned darts (quivered)
 t - 3 silver javelins
Armour
 c - an orb of light
 d - a +1 buckler
Jewellery
 h - an amulet of magic regeneration
 k - an amulet of faith (around mantle)
 v - a ring of ice
Wands
 r - a wand of quicksilver (8)
Scrolls
 j - 2 scrolls of immolation
 l - a scroll of blinking {unknown}
 o - a scroll of fear
 q - 2 scrolls of enchant armour
Potions
 a - 5 potions of curing
 b - a potion of ambrosia
 e - 3 potions of flight
 f - 2 potions of lignification
 i - 3 potions of invisibility
 n - a potion of magic {unknown}
 p - 2 potions of might {unknown}
 u - a potion of degeneration {unknown}
 w - 2 potions of brilliance {unknown}
 x - a potion of attraction {unknown}
 z - a potion of haste {unknown}


   Skills:
 - Level 3.1 Fighting
 - Level 3.8 Short Blades
 - Level 3.1 Dodging
 + Level 4.4 Spellcasting
 + Level 4.9 Necromancy


You had 12 spell levels left.
You knew the following spells:

 Your Spells              Type           Power      Damage    Failure   Level
a - Cigotuvi's Dreadful   Necr/Pois/Air  14%        N/A       14%         2

Your spell library contained the following spells:

 Spells                   Type           Power      Damage    Failure   Level
 Necrotise                Necr           64%        1d7       2%          1
 Sublimation of Blood     Necr           16%        N/A       3%          2
 Kiss of Death            Conj/Necr      40%        2d8       7%          1
 Magic Dart               Conj           12%        1d3       19%         1
 Animate Dead             Necr           16%        N/A       24%         4
 Dispel Undead            Necr           16%        3d10      24%         4
 Searing Ray              Conj           6%         2d4       28%         2
 Wereblood                Tmut           3%         N/A       28%         2
 Hailstorm                Conj/Ice       3%         3d3       50%         3
 Anguish                  Hex/Necr       5%         N/A       54%         4
 Fulminant Prism          Conj/Hex       1%         3d5       88%         4
 Ice Form                 Ice/Tmut       3%         N/A       88%         4
 Borgnjor's Vile Clutch   Necr/Erth      5%         N/A       88%         5
 Death Channel            Necr           8%         N/A       98%         6
 Simulacrum               Ice/Necr       5%         N/A       100%        6
 Summon Hydra             Summ           1%         N/A       100%        7


Dungeon Overview and Level Annotations

Branches:
Dungeon (6/15)             Temple (0/1) D:5

Altars:
Ashenzari
Hepliaklqana
Kikubaaqudgha

Shops:
D:4 *   D:6 ?


Innate Abilities, Weirdness & Mutations

You cannot wear most types of armour.
You are amphibious.
You can wear up to eight rings at the same time.
Your skin changes colour to match your surroundings (Stealth+).
Your rubbery body absorbs attacks. (AC +1, EV +1)
((You are camouflaged when in or above water. (Stealth+)))
You have tentacles for arms and can constrict up to eight enemies at once.


Message History

You constrict the black bear, but do no damage.
The black bear goes berserk!
You hit the black bear but do no damage.
The black bear is severely wounded.
You constrict the black bear. The black bear closely misses you.
The black bear claws you but does no damage.
The black bear closely misses you.
You hit the black bear. You squeeze the black bear!
The black bear is almost dead.
You constrict the black bear, but do no damage.
You hit the black bear.
You kill the black bear!
Kikubaaqudgha accepts your kill.
You start resting.
HP restored.
Found a smoky golden potion.
A wyvern comes into view.
Found an escape hatch in the ceiling.
Found a stone staircase leading up.
The wyvern misses you.
Casting: Cigotuvi's Dreadful Rot (safe; 14% risk of failure)
Confirm with . or Enter, or press ? or * to list all spells.
A part of your flesh rots into a cloud of miasma!
You feel drained. The wyvern closely misses you.
The wyvern attacks as you move away! The wyvern barely misses you.
The wyvern bites you!
You hit the wyvern but do no damage.
Your tentacle-slap misses the wyvern.
You squeeze the wyvern!
The wyvern is moderately wounded.
You closely miss the wyvern.
You squeeze the wyvern, but do no damage.
The wyvern is moderately wounded.
The wyvern bites you!
You hit the wyvern but do no damage. You squeeze the wyvern.
The wyvern is heavily wounded.
The wyvern misses you.
You hit the wyvern.
The wyvern is heavily wounded.
The wyvern bites you!!
You die...
Kikubaaqudgha rasps: "You have failed me!
Welcome... death!"

#. #.# #.#.# #<
#.###.... ##. ####
#...<.... .. ..#
##.####.#. #.# #.#.##..#
##... #.##.#
#.#..###.... . #.!.#
##.......#.# ...###l○#
#.#.#..###....
.......@##........######
..<###..###.###...# ...
. #..# #.#.###.# #..#
.##.###....# #..###.#.#
##.### ######.......##
##.# ...............#
##.##
########.#.####.###.##
#.#.# ##.#.#.##


You could see a wyvern.

Vanquished Creatures
  Grinder (D:3)
  A black bear (D:5)
  2 scorpions
  2 sleepcaps
  Jessica (D:3)
  2 iguanas
  A gnoll (D:5)
  An adder (D:3)
  2 worms (D:2)
  A dart slug (D:4)
  2 orcs (D:3)
  6 ball pythons
  2 bats (D:1)
  5 endoplasms
  A giant cockroach (D:1)
  6 goblins
  5 hobgoblins
  3 kobolds
  A quokka (D:2)
  4 frilled lizards
  3 rats
  A spectral hobgoblin (D:3)
53 creatures vanquished.

Notes
Turn   | Place    | Note
-------+----------+-------------------------------------------
     0 | D:1      | croobank the Octopode Monk began the quest for the Orb.
     0 | D:1      | Reached XP level 1. HP: 16/16 MP: 1/1
    82 | D:1      | Found a faded altar of an unknown god.
    92 | D:1      | Prayed at the altar of an unknown god.
    92 | D:1      | Became a worshipper of Kikubaaqudgha
    92 | D:1      | Reached * piety under Kikubaaqudgha
    92 | D:1      | Received a gift from Kikubaaqudgha
    92 | D:1      | Reached ** piety under Kikubaaqudgha
   213 | D:1      | Reached XP level 2. HP: 21/21 MP: 2/2
   319 | D:1      | Reached *** piety under Kikubaaqudgha
   319 | D:1      | Received a gift from Kikubaaqudgha
   918 | D:2      | Reached XP level 3. HP: 26/26 MP: 3/3
  1278 | D:2      | Found a broken altar of Ashenzari.
  1778 | D:3      | Reached skill level 1 in Spellcasting
  1778 | D:3      | Reached skill level 1 in Necromancy
  1918 | D:3      | Noticed Jessica
  1925 | D:3      | Killed Jessica
  1926 | D:3      | Reached XP level 4. HP: 30/31 MP: 4/6
  1987 | D:3      | You fall into a shaft and drop 3 floors!
  2000 | D:6      | Found Geon's Magic Scroll Boutique.
  2000 | D:6      | Noticed a scorpion
  2152 | D:6      | Reached XP level 5. HP: 36/36 MP: 6/8
  2219 | D:5      | Entered Level 5 of the Dungeon
  2219 | D:5      | Found a staircase to the Ecumenical Temple.
  2335 | D:4      | Reached XP level 6. HP: 42/42 MP: 10/10
  2567 | D:3      | Found a hazy altar of Hepliaklqana.
  2780 | D:3      | Noticed Grinder
  2780 | D:3      | Paralysed by Grinder for 4 turns
  2786 | D:3      | Killed Grinder
  2787 | D:3      | Reached XP level 7. HP: 29/46 MP: 10/13
  3157 | D:4      | Found Iouts's Incredible Inventory.
  3181 | D:4      | Bought a scroll of identify for 22 gold pieces
  3759 | D:5      | Learned a level 2 spell: Cigotuvi's Dreadful Rot
  3827 | D:5      | Noticed a wyvern
  3835 | D:5      | Slain by a wyvern

Illustrated notes

Levels and vault maps discovered:
D:1:      heliophobic_arrival_ceremonial_halls, layout_loops_ring,
          hellmonk_ecumenical_altar_heavens_door
D:2:      layout_loops_ring, basic_altar
D:3:      layout_loops_corners, nicolae_hepliaklqana_monster_ancestors,
          dk_noncrumbling_2, uniq_grinder, uniq_jessica
D:4:      layout_gridville, dk_vineyard_3, nicolae_alphabet_shops
D:5:      layout_loops_ring, chei_slow_surprise,
          minmay_temple_entry_sparse_star, minmay_misc_feat_five,
          chequers_garden, grunt_ministairs_15, kennysheep_generic_room_5,
          uniq_ijyb
D:6:      layout_gridville, lemuel_doored_altar, serial_shops, shop,
          grunt_ministairs_9

Skill      XL: |  1  2  3  4  5  6 |
---------------+-------------------+-----
Spellcasting   | 1 2 3 4 |  4.4
Necromancy     | 1 2 3 4 |  4.9
Fighting       | |  3.1
Short Blades   | |  3.8
Dodging        | |  3.1

Action                     |  1- 3 |  4- 6 |  7- 9 || total
---------------------------+-------+-------+-------++-------
  Melee: Short sword       |     6 |       |       ||     6
         Dagger            |    58 |    29 |    31 ||   118
         Tentacles         |    14 |    12 |    12 ||    38
         Constrict         |    12 |     6 |     4 ||    22
         Punch             |     1 |       |       ||     1
  Throw: Dart              |       |     3 |       ||     3
   Cast: Cigotuvi's Dreadf |       |       |     1 ||     1
  Evoke: Wand              |       |     3 |       ||     3
    Use: Scroll            |     4 |       |     6 ||    10
   Stab: Sleeping          |    11 |     6 |       ||    17
 Armour: Skin              |     1 |       |     1 ||     2
  Dodge: Dodged            |    21 |     7 |    23 ||    51
